 Dungeon Crawl Stone Soup version 0.28-a0-1190-g77e1c55843 (webtiles) character file.

Game seed: 3720688417011521669

245 SensoryNuts the Skirmisher (level 5, -2/42 HPs)
             Began as a Demonspawn Fighter on Dec 19, 2021.
             Slain by a lemure (8 damage)
             ... led by Pikel
             ... on level 3 of the Dungeon.
             The game lasted 00:02:33 (3254 turns).

SensoryNuts the Skirmisher (Demonspawn Fighter)     Turns: 3254, Time: 00:02:33

Health: -2/42      AC:  9    Str: 18    XL:     5   Next: 83%
Magic:  5/5        EV:  9    Int: 10    God:
Gold:   120        SH:  8    Dex: 12    Spells: 4/4 levels left

rFire   . . .      SeeInvis .   a - +0 long sword
rCold   . . .      Faith    .   c - +0 buckler
rNeg    . . .      Spirit   .   b - +0 scale mail
rPois   .          Reflect  .   (no helmet)
rElec   .          Harm     .   f - +1 cloak
rCorr   .          Rampage  .   (no gloves)
Will    .....                   (no boots)
Stlth   ..........              (no amulet)
HPRegen 0.14/turn               (no ring)
MPRegen 0.09/turn               (no ring)

@: mighty
A: hooves 1, spiny 1, condensation shield
a: no special abilities


You were on level 3 of the Dungeon.
You visited 1 branch of the dungeon, and saw 4 of its levels.

You collected 120 gold pieces.

Inventory:

Hand Weapons
 a - a +0 long sword (weapon)
Armour
 b - a +0 scale mail (worn)
 c - a +0 buckler (worn)
 f - a +1 cloak (worn)
Magical Staves
 k - a staff of conjuration
Jewellery
 e - a ring of positive energy
Scrolls
 g - 2 scrolls of immolation
 i - a scroll of identify {unknown}
Potions
 h - a potion of attraction {unknown}


   Skills:
 + Level 4.1 Fighting
 + Level 3.9 Long Blades
 + Level 3.2 Armour
 + Level 0.5 Dodging
 + Level 3.4 Shields


You had 4 spell levels left.
You didn't know any spells.
Your spell library was empty.

Dungeon Overview and Level Annotations

Branches:
Dungeon (4/15)
 Temple: D:4-7

Altars:

Annotations:
D:3 Pikel


Innate Abilities, Weirdness & Mutations

You have large cloven feet.
You are partially covered in sharp spines.
A meltable shield of frost defends you. (SH +4)


Message History

The adder is struck by your spines. The adder bites you.
You block the lemure's attack. You block the adder's attack.
The lemure hits you.
You hit the lemure. Your kick misses the lemure.
The lemure is moderately wounded.
The adder is struck by your spines. The adder bites you but does no damage.
The lemure barely misses you. The adder is struck by your spines.
You kill the adder!
You barely miss the lemure. Your kick misses the lemure.
The lemure is moderately wounded.
The lemure closely misses you.
You slash the lemure! Your kick misses the lemure.
The lemure is severely wounded.
The lemure hits you but does no damage.
You hit the lemure.
The lemure is severely wounded.
The lemure hits you but does no damage. You block the lemure's attack.
You slash the lemure!
You kill the lemure!
That felt strangely unrewarding.
There is a stone staircase leading down, spattered with blood here.
You climb downwards.
Level annotation: Pikel The lemure is struck by your spines.
The lemure hits you.
There is a stone staircase leading up, spattered with blood here.
Pikel is struck by your spines.
Pikel hits you with a +2 whip of freezing.
Pikel freezes you. You block the lemure's attack.
You climb upwards.
There is a stone staircase leading down, spattered with blood here.
You hit Pikel.
Pikel is lightly wounded.
Pikel hits you with a +2 whip of freezing!
* * * LOW HITPOINT WARNING * * *
Pikel freezes you.
* * * LOW HITPOINT WARNING * * *
The lemure hits you but does no damage. Pikel hits you but does no damage.
You feel very mighty all of a sudden. The lemure hits you!
You die...

.#.#........# #.# .#.#.####.###
#.# .#.#'####.#.#####.######
.#........#............#######
.#....###.#.#####.##.........#
.#....'............#.........#
.##...###.#+#####..#.........#
........#......##K.#.(.......##
................@.............#
.######.#........5............#
.# #.#..........#..........# .#
#.#..............########
.######.#.#+#+#..#.##.##
........#.#.#.#..#....##
#########.#.#.#..###...#
............#........#.##
..#######.....#.######..#########


You could see Pikel and a lemure.

Vanquished Creatures
  A lemure (D:3)
  An iguana (D:3)
  Crazy Yiuf (D:2)
  Natasha (twice) (D:2)
  Terence (D:2)
  3 adders
  3 worms
  A dart slug (D:1)
  4 orcs (D:3)
  4 bats
  5 endoplasms
  4 giant cockroaches
  6 goblins
  5 hobgoblins
  8 jackals
  7 kobolds
  A quokka (D:1)
  9 ball pythons
  3 frilled lizards (D:3)
  6 rats
75 creatures vanquished.

Notes
Turn   | Place    | Note
-------+----------+-------------------------------------------
     0 | D:1      | SensoryNuts the Demonspawn Fighter began the quest for the
                  | Orb.
     0 | D:1      | Reached XP level 1. HP: 18/18 MP: 1/1
   217 | D:1      | Gained mutation: A meltable shield of frost defends you.
                  | (SH +4) [demonic ancestry]
   217 | D:1      | Reached XP level 2. HP: 17/24 MP: 2/2
   798 | D:1      | Reached XP level 3. HP: 29/29 MP: 3/3
   805 | D:1      | Found a faded altar of an unknown god.
  1243 | D:2      | Noticed Terence
  1253 | D:2      | Killed Terence
  1254 | D:2      | Discovered your monstrous ancestry.
  1254 | D:2      | Gained mutation: You have large cloven feet. [demonic
                  | ancestry]
  1254 | D:2      | Reached XP level 4. HP: 16/35 MP: 4/4
  1501 | D:2      | Noticed Natasha
  1508 | D:2      | Killed Natasha
  1703 | D:2      | Noticed Natasha
  1721 | D:2      | Killed Natasha
  1732 | D:2      | Gained mutation: You are partially covered in sharp spines.
                  | [demonic ancestry]
  1732 | D:2      | Reached XP level 5. HP: 23/41 MP: 5/5
  2091 | D:2      | Found a runed translucent door.
  2092 | D:2      | Noticed Crazy Yiuf
  2106 | D:2      | Killed Crazy Yiuf
  2371 | D:3      | Reached skill level 4 in Fighting
  3232 | D:4      | Noticed Pikel
  3232 | D:4      | Noticed a lemure
  3232 | D:4      | Noticed a lemure
  3232 | D:4      | Noticed a lemure
  3232 | D:4      | Noticed a necrophage
  3233 | D:4      | Noticed a lemure
  3246 | D:3      | Killed a lemure
  3254 | D:3      | Slain by a lemure

Illustrated notes

Levels and vault maps discovered:
D:1:      heliophobic_arrival_dark_side_of_the_moon, layout_basic,
          hellmonk_ecumenical_altar_prayer_group
D:2:      layout_basic, amethyst_killhole, minmay_indecisive_spiral,
          uniq_crazy_yiuf_cottage, uniq_natasha, uniq_terence
D:3:      layout_basic
D:4:      layout_basic, nicolae_overflow_crystal_walls,
          mainiacjoe_overflow_surrounded_room, gammafunk_ghost_smash, uniq_ijyb,
          uniq_blork_the_orc, uniq_sigmund, uniq_duvessa, uniq_pikel

Skill      XL: |  1  2  3  4  5 |
---------------+----------------+-----
Long Blades    | 2 3 |  3.9
Shields        | 3 |  3.4
Armour         | 3 |  3.2
Fighting       | 4 |  4.1
Dodging        | |  0.5

Action                   |  1- 3 |  4- 6 || total
-------------------------+-------+-------++-------
Melee: Long sword        |   100 |    79 ||   179
       Kick              |       |    16 ||    16
  Use: Potion            |     1 |     2 ||     3
       Scroll            |     1 |     1 ||     2
Armor: Scale mail        |    45 |    34 ||    79
Dodge: Dodged            |    49 |    34 ||    83
Block: Buckler           |    50 |    40 ||    90

Table legend: (Time is in decaauts)
 A = Elapsed time spent in this place.
 B = Non-inter-level travel time spent in this place.
 C = Inter-level travel time spent in this place.
 D = Time resting spent in this place.
 E = Time spent auto-exploring this place.
 F = Levels seen in this place.
 G = Mean time per level.
                   A        B        C        D        E       F      G
               +--------+--------+--------+--------+--------+-----+--------+
         Total |   3313 |   3195 |    118 |      0 |   2725 |   4 |  828.2 |
       Dungeon |   3313 |   3195 |    118 |      0 |   2725 |   4 |  828.2 |
               +--------+--------+--------+--------+--------+-----+--------+

Top non-repeatable levels by time:
     D:2: 1384 daAuts
     D:3: 990 daAuts
     D:1: 931 daAuts
     D:4: 7 daAuts
